 Dungeon Crawl Stone Soup version 0.27.0-1-g7a089689b8 (webtiles) character file.

Game seed: 17958787587087983780

154 dolemite99 the Spear-Bearer (level 5, -8/38 HPs)
             Began as a Merfolk Gladiator on Aug 3, 2021.
             Was a Believer of Nemelex Xobeh.
             Killed from afar by Sigmund (9 damage)
             ... with a magic dart
             ... on level 3 of the Dungeon.
             The game lasted 00:02:55 (3502 turns).

dolemite99 the Spear-Bearer (Merfolk Gladiator)     Turns: 3502, Time: 00:02:55

Health: -8/38      AC:  8    Str: 16    XL:     5   Next: 35%
Magic:  5/5        EV: 11    Int:  7    God:    Nemelex Xobeh [**....]
Gold:   77         SH:  0    Dex: 15    Spells: 4/4 levels left

rFire    . . .     SeeInvis .   a - +0 trident
rCold    . . .     Faith    .   (no shield)
rNeg     . . .     Spirit   .   r - +0 scale mail
rPois    .         Reflect  .   c - +0 helmet
rElec    .         Harm     .   (no cloak)
rCorr    .         Rampage  .   (no gloves)
Will     .....                  p - +0 pair of boots
Stlth    ..........             (no amulet)
HPRegen  0.12/turn              (no ring)
MPRegen  0.09/turn              (no ring)

@: lethally poisoned (-8 -> -11)
A: (nimble swimmer 2), mertail
a: Renounce Religion, Draw Escape, Draw Destruction, Draw Summoning


You were on level 3 of the Dungeon.
You worshipped Nemelex Xobeh.
Nemelex Xobeh was pleased with you.
You visited 1 branch of the dungeon, and saw 4 of its levels.

You collected 77 gold pieces.

Inventory:

Hand Weapons
 a - a +0 trident (weapon)
 e - a +0 hunting sling
Missiles
 d - 3 throwing nets (quivered)
 f - 10 poisoned darts
 l - 18 arrows
 o - 19 sling bullets
 s - 35 stones
Armour
 b - a +0 leather armour
 c - a +0 helmet (worn)
 g - a +0 pair of boots
 h - a +0 ring mail
 p - a +0 pair of boots (worn)
 r - a +0 scale mail (worn)
Jewellery
 i - a ring of willpower
Scrolls
 m - a scroll of fog {unknown}
 n - a scroll of summoning {unknown}
 q - a scroll of identify {unknown}


   Skills:
 - Level 2.1 Fighting
 + Level 8.5 Polearms
 - Level 2.0 Throwing
 - Level 4.0 Dodging


You had 4 spell levels left.
You didn't know any spells.
Your spell library contained the following spells:

 Spells                   Type           Power      Damage    Failure   Level
 Shock                    Conj/Air       0%         1d3       87%         1
 Corpse Rot               Necr/Air       N/A        N/A       95%         2
 Poisonous Vapours        Pois/Air       0%         N/A       95%         2
 Swiftness                Air            0%         N/A       99%         3
 Airstrike                Air            0%         N/A       100%        4
 Freezing Cloud           Conj/Ice/Air   0%         6-21      100%        5


Dungeon Overview and Level Annotations

Branches:
Dungeon (4/15)
 Temple: D:4-7

Altars:
Nemelex Xobeh

Annotations:
D:2 exclusion: downstairs
D:3 Sigmund


Innate Abilities, Weirdness & Mutations

((You are quick and stealthy near water. (Stealth+, EV+, Speed+++)))
Your lower body shifts to a powerful aquatic tail in water.


Message History

You start resting.
You feel sick.
You are no longer poisoned.
You start resting.
Sigmund is nearby!
Sigmund is nearby!
Sigmund is nearby!
Sigmund shouts!
Sigmund points at you and mumbles some strange words.
You are confused.
Sigmund casts a spell at you.
You are more confused.
You aren't carrying any potions.
You aren't carrying any potions.
Unknown command.
You bump into the rock wall.
You bump into the rock wall.
You bump into the rock wall.
Sigmund hits you from afar with a +1 scythe of venom.
* * * LOW HITPOINT WARNING * * *
You are lethally poisoned!
* * * LOW HITPOINT WARNING * * *
You feel sick.
* * * LOW HITPOINT WARNING * * *
You feel sick.
Sigmund gestures wildly while chanting.
Sigmund flickers and vanishes!
Deactivating autopickup; reactivate with Ctrl-A.
You bump into the rock wall.
* * * LOW HITPOINT WARNING * * *
You feel sick.
You bump into the rock wall.
* * * LOW HITPOINT WARNING * * *
You feel sick.
You feel less confused.
* * * LOW HITPOINT WARNING * * *
You feel sick.
A magic dart appears from out of thin air!
The magic dart hits you!
You die...
Your body glows slightly and disappears.

#..# #..#
#..################
#.....@.........<.#
##.######.#######.#
#.#####{######.#
#.#
#...........##.#
#.#
#######.###.##.#
#.#
#@.......#######.#
#................#
#.#####.##########
...# #.# ###.# #.#
..# #.# ### #.. ###


There were no monsters in sight!

Vanquished Creatures
  A water moccasin skeleton (D:4)
  4 adders
  A worm (D:2)
  5 dart slugs
  3 ball pythons (D:1)
  4 bats (D:1)
  4 endoplasms
  2 giant cockroaches (D:1)
  4 goblins
  6 hobgoblins
  6 jackals (D:1)
  A quokka (D:3)
  5 frilled lizards
  A jackal skeleton (D:2)
  5 kobolds
  2 rats (D:1)
54 creatures vanquished.

Notes
Turn   | Place    | Note
-------+----------+-------------------------------------------
     0 | D:1      | dolemite99 the Merfolk Gladiator began the quest for the
                  | Orb.
     0 | D:1      | Reached XP level 1. HP: 16/16 MP: 1/1
   197 | D:1      | Reached skill level 5 in Polearms
   197 | D:1      | Reached XP level 2. HP: 21/22 MP: 2/2
   258 | D:1      | Found a faded altar of an unknown god.
   297 | D:1      | Became a worshipper of Nemelex Xobeh the Trickster
   297 | D:1      | Reached * piety under Nemelex Xobeh
   356 | D:1      | Reached skill level 6 in Polearms
   356 | D:1      | Reached XP level 3. HP: 11/27 MP: 3/3
   908 | D:1      | Received a gift from Nemelex Xobeh
  1389 | D:2      | Reached skill level 7 in Polearms
  1389 | D:2      | Reached XP level 4. HP: 7/33 MP: 4/4
  2741 | D:3      | Noticed Sigmund
  3263 | D:3      | Reached ** piety under Nemelex Xobeh
  3289 | D:4      | Reached skill level 8 in Polearms
  3289 | D:4      | Reached XP level 5. HP: 25/38 MP: 5/5
  3502 | D:3      | HP: 1/38 [poisoned by Sigmund]
  3502 | D:3      | Killed from afar by Sigmund

Illustrated notes

Levels and vault maps discovered:
D:1:      minmay_arrival_solitary_statue, layout_loops_cross,
          chequers_ecumenical_altar_simple_redux
D:2:      layout_basic
D:3:      minmay_chambers_of_threes, layout_loops_ring, serial_shops, shop,
          minmay_ogre_servants, uniq_sigmund
D:4:      minmay_chambers_of_fours, layout_loops_ring, uniq_blork_the_orc

Skill      XL: |  1  2  3  4 |
---------------+-------------+-----
Polearms       | 5 6 7 8 |  8.5
Fighting       | |  2.1
Throwing       | |  2.0
Dodging        | |  4.0

Action                   |  1- 3 |  4- 6 || total
-------------------------+-------+-------++-------
Melee: Trident           |   154 |    67 ||   221
  Use: Potion            |     2 |       ||     2
       Scroll            |       |     3 ||     3
 Stab: Sleeping          |     1 |       ||     1
Armor: Leather armour    |     9 |       ||     9
       Ring mail         |    25 |     9 ||    34
       Scale mail        |       |    10 ||    10
Dodge: Dodged            |    91 |    32 ||   123
